Rangers vs Penguins

Created - October 18, 2015 at 10:02

Goals
1 2 3 T
Rangers 1 1 3 5
Penguins 0 1 1 2
Shots
1 2 3 T
Rangers 6 12 13 31
Penguins 9 8 10 27

1st period

1. Rangers , Benoit Pouliot 5 (Chris Tanev, Kris Russell) at 0:32

Penalties :
Sean Couturier (NYR) for Roughing (Minor) at 1:02, David Perron (PIT) for Holding (Minor) at 2:52, David Perron (PIT) for Hooking (Minor) at 6:31, Mark Giordano (PIT) for Slashing (Minor) at 11:47, Anton Volchenkov (NYR) for High sticking (Minor) at 16:41

2nd period

2. Rangers , Alex Goligoski 2 (Kris Russell) at 5:53 (PP)
3. Penguins , Kevan Miller 1 (Luke Glendening, Dmitry Kulikov) at 9:44

Penalties :
Zemgus Girgensons (NYR) for Hooking (Minor) at 3:38, Jacob De La Rose (PIT) for Holding (Minor) at 5:45, Victor Hedman (PIT) for Roughing (Minor) at 15:54

3rd period

4. Rangers , Tomas Tatar 3 (Zemgus Girgensons, Benoit Pouliot) at 0:38
5. Penguins , Ondrej Palat 1 (John Tavares, Jacob Trouba) at 1:55
6. Rangers , Sean Couturier 2 (Brad Richards) at 3:19
7. Rangers , Matt Calvert 1 (Chris Tanev, Kris Russell) at 10:48

Penalties :
Ryan Getzlaf (PIT) for Fighting (Major) at 7:35, Mikael Backlund (NYR) for Fighting (Major) at 7:35, David Perron (PIT) for Roughing (Minor) at 7:35, Brandon Saad (PIT) for Roughing (Minor) at 7:35, Alex Goligoski (NYR) for Slashing (Minor) at 7:35, Karl Alzner (NYR) for Roughing (Minor) at 7:35, Victor Hedman (PIT) for Interference (Minor) at 7:35, David Perron (PIT) for Tripping (Minor) at 18:49

Goalie Stats

Brian Elliott (NYR), 25 saves from 27 shots - (0.926), W, 4-2-0, 60:00 minutes
Marc-Andre Fleury (PIT), 26 saves from 31 shots - (0.839), L, 3-3-0, 60:00 minutes

Players Stats for Rangers

Player Name              G  A  P  +/- PIM S  H  SB GA TA FO     MP     PP MP  PK MP  
------------------------------------------------------------------------------------
Alex Goligoski           1  0  1  -1  2   2  2  0  0  0  0/0    21:49   4:53   2:41 
Anton Volchenkov         0  0  0   1  2   0  1  0  0  0  0/0    12:36   0:00   0:00 
Benoit Pouliot           1  1  2   1  0   5  2  0  0  0  0/0    14:58   0:00   0:00 
Brad Richards            0  1  1   1  0   1  1  0  0  0  1/1    10:40   0:00   0:18 
Cedric Paquette          0  0  0   1  0   1  1  0  0  0  4/6     8:47   0:16   1:50 
Chris Tanev              0  2  2   2  0   1  2  0  0  0  0/0    24:50   4:12   3:07 
Craig Smith              0  0  0  -1  0   0  3  0  0  0  0/2    17:30   4:58   0:00 
David Jones              0  0  0   1  0   0  0  0  0  0  0/0     5:49   0:00   0:00 
Eric Brewer              0  0  0   1  0   1  2  0  0  0  0/0    17:04   3:20   0:00 
Jaromir Jagr             0  0  0   1  0   1  0  0  0  0  0/0    14:12   3:51   0:00 
Karl Alzner              0  0  0  -1  2   0  1  1  0  0  0/0    17:34   0:52   2:41 
Kris Russell             0  3  3   2  0   2  1  1  0  0  0/0    26:04   4:53   3:07 
Matt Calvert             1  0  1   1  0   1  0  0  0  0  0/0     7:39   0:00   1:50 
Mikael Backlund          0  0  0  -1  5   4  1  0  0  0  8/18   19:54   4:58   3:18 
Sean Couturier           1  0  1   1  2   3  0  0  0  0  5/14   12:24   0:00   2:45 
Tomas Tatar              1  0  1   1  0   1  1  0  0  0  3/7    22:58   4:58   1:35 
Tyler Ennis              0  0  0  -1  0   5  0  0  0  0  1/1    16:39   4:07   0:00 
Zemgus Girgensons        0  1  1   1  2   3  4  0  0  0  12/30  20:31   4:07   0:00 

Players Stats for Penguins

Player Name              G  A  P  +/- PIM S  H  SB GA TA FO     MP     PP MP  PK MP  
------------------------------------------------------------------------------------
Brandon Saad             0  0  0  -1  2   4  0  0  0  0  1/2    22:54   2:23   5:05 
David Perron             0  0  0  -1  8   1  4  0  0  0  0/1    17:27   2:22   0:00 
Dmitry Kulikov           0  1  1   0  0   0  1  0  0  0  0/0    14:30   0:00   6:04 
Jacob De La Rose         0  0  0   0  2   1  2  0  0  0  0/0     8:24   0:00   0:27 
Jacob Trouba             0  1  1   0  0   0  3  0  0  0  0/0    19:13   2:23   3:20 
Jakub Voracek            0  0  0  -1  0   5  0  1  0  0  0/0    18:49   3:25   0:00 
John Tavares             0  1  1  -1  0   1  0  0  0  0  17/28  19:59   3:25   0:00 
Kevan Miller             1  0  1   0  0   2  1  0  0  0  0/0    13:25   0:00   4:40 
Luke Glendening          0  1  1  -1  0   2  2  0  0  0  8/12   15:17   0:00   6:47 
Mark Arcobello           0  0  0   0  0   1  1  0  0  0  7/14   13:11   0:00   0:44 
Mark Giordano            0  0  0  -2  2   1  2  0  0  0  0/0    22:01   3:25   0:00 
Ondrej Palat             1  0  1  -1  0   2  2  0  0  0  0/1    22:12   3:25   3:33 
Ryan Getzlaf             0  0  0   0  5   2  0  0  0  0  10/19  19:30   2:23   3:33 
Ryan Suter               0  0  0  -2  0   3  1  0  0  0  0/0    27:00   3:25   5:17 
Seth Jones               0  0  0   0  0   0  0  0  0  0  0/0     2:36   0:00   0:01 
Tanner Pearson           0  0  0   0  0   1  1  0  0  0  0/0     4:29   0:00   0:00 
Tim Schaller             0  0  0   0  0   0  0  0  0  0  2/2     4:29   0:00   0:00 
Victor Hedman            0  0  0   0  4   1  1  1  0  0  0/0    21:12   2:23   2:46 

3 Stars

1 - Kris Russell (NYR)
2 - Benoit Pouliot (NYR)
3 - Chris Tanev (NYR)

Power Play

Rangers - 1 on 7 Attempt(s) - 14.29%
Penguins - 0 on 3 Attempt(s) - 0.00%

Penalty Kill

Rangers - 3 on 3 Attempt(s) - 100.00% - Score 0 goal in Penalty Kill
Penguins - 6 on 7 Attempt(s) - 85.71% - Score 0 goal in Penalty Kill

Team Stat

Rangers - Hits : 22 - Faceoff Wins : 34 - Blocked Shots : 2 - Penalty Minutes : 15
Penguins - Hits : 21 - Faceoff Wins : 45 - Blocked Shots : 2 - Penalty Minutes : 23

Official

Referees : Brad Watson and Chris Lee
Linesman : Jay Sharrers and Pierre Champoux

Game Notes

General Fight at 7:35 of 3rd period
Ryan Getzlaf beats up Mikael Backlund at 7:35 of 3rd period

Finance

Level 1 -- Attendance: 5495 (84.54%) -- Ticket Income $604,450
Level 2 -- Attendance: 5000 (100.00%) -- Ticket Income $400,000
Level 3 -- Attendance: 3082 (88.06%) -- Ticket Income $184,920
Level 4 -- Attendance: 2108 (88.31%) -- Ticket Income $105,400
Luxury Box -- Attendance: 1000 (100.00%) -- Ticket Income $200,000
Game was played at the Consol Energy Center.
Total Attendance: 16685 (90.74%)
Total Ticket Income: $1,494,770
Other Income: $224,216
Total Income: $1,718,986

% Time on Ice - Rangers

Lines # - Real PCT - Wanted PCT - Time Play
Normal Forward
1 - 35% - 40% - 14:58
2 - 29% - 30% - 12:32
3 - 22% - 20% - 9:40
4 - 14% - 10% - 5:49
Normal Defense
1 - 37% - 40% - 16:06
2 - 32% - 30% - 13:34
3 - 29% - 20% - 12:37
4 - 2% - 10% - 0:42
PP Forward
1 - 45% - 60% - 4:07
2 - 55% - 40% - 4:58
PP Defense
1 - 54% - 60% - 4:53
2 - 46% - 40% - 4:12
PK Forward
1 - 68% - 60% - 3:58
2 - 32% - 40% - 1:50
PK Defense
1 - 54% - 60% - 3:07
2 - 46% - 40% - 2:41
PK3 Forward
1 - 0% - 60%
2 - 0% - 40%
PK3 Defense
1 - 0% - 60%
2 - 0% - 40%
44 Forward
1 - 68% - 60% - 1:27
2 - 32% - 40% - 0:41
44 Defense
1 - 33% - 60% - 0:42
2 - 67% - 40% - 1:26
Last Minute Offensive  - 0:00
Last Minute Defensive  - 0:00
Total
Forward - 60:00
Defense - 60:00

% Time on Ice - Penguins

Lines # - Real PCT - Wanted PCT - Time Play
Normal Forward
1 - 36% - 35% - 15:24
2 - 35% - 35% - 15:08
3 - 19% - 20% - 7:58
4 - 10% - 10% - 4:29
Normal Defense
1 - 43% - 40% - 18:37
2 - 31% - 35% - 13:21
3 - 20% - 20% - 8:26
4 - 6% - 5% - 2:35
PP Forward
1 - 59% - 55% - 3:25
2 - 41% - 45% - 2:23
PP Defense
1 - 59% - 75% - 3:25
2 - 41% - 25% - 2:23
PK Forward
1 - 61% - 55% - 5:32
2 - 39% - 45% - 3:33
PK Defense
1 - 49% - 60% - 4:25
2 - 51% - 40% - 4:40
PK3 Forward
1 - 35% - 55% - 0:42
2 - 65% - 45% - 1:17
PK3 Defense
1 - 83% - 55% - 1:39
2 - 17% - 45% - 0:20
44 Forward
1 - 100% - 55% - 0:09
2 - 0% - 45% - 0:00
44 Defense
1 - 0% - 55% - 0:00
2 - 100% - 45% - 0:09
Last Minute Offensive  - 0:00
Last Minute Defensive  - 0:00
Total
Forward - 60:00
Defense - 60:00

Play by Play

1st period


0:01 of 1st period - John Tavares wins face-off versus Zemgus Girgensons in neutral zone.
0:32 of 1st period - Shot by Benoit Pouliot.
0:32 of 1st period - Goal by Benoit Pouliot - Rangers : 1 - Penguins : 0.
0:33 of 1st period - Mikael Backlund wins face-off versus Ryan Getzlaf in neutral zone.
0:55 of 1st period - Shot by Ryan Getzlaf.
0:55 of 1st period - Stopped by Brian Elliott without a rebound.
0:56 of 1st period - Sean Couturier wins face-off versus Mark Arcobello in Rangers zone.
1:02 of 1st period - Minor Penalty to Sean Couturier for Roughing.
1:03 of 1st period - Tomas Tatar wins face-off versus John Tavares in Rangers zone.
1:09 of 1st period - Icing by Jakub Voracek.
1:10 of 1st period - John Tavares wins face-off versus Tomas Tatar in Penguins zone.
1:17 of 1st period - Shot by Ryan Suter.
1:17 of 1st period - Shot Misses the Net.
1:19 of 1st period - Shot by Ryan Suter.
1:19 of 1st period - Stopped by Brian Elliott with a rebound.
1:21 of 1st period - Shot by Jakub Voracek.
1:21 of 1st period - Stopped by Brian Elliott with a rebound.
1:25 of 1st period - Shot by Ryan Suter.
1:25 of 1st period - Stopped by Brian Elliott with a rebound.
2:00 of 1st period - Icing by Mark Giordano.
2:01 of 1st period - Cedric Paquette wins face-off versus John Tavares in Penguins zone.
2:50 of 1st period - Matt Calvert is hit by David Perron and loses puck.
2:52 of 1st period - Minor Penalty to David Perron for Holding.
2:53 of 1st period - John Tavares wins face-off versus Zemgus Girgensons in Penguins zone.
4:01 of 1st period - Shot by Chris Tanev.
4:01 of 1st period - Shot Misses the Net.
4:03 of 1st period - Shot by Mikael Backlund.
4:03 of 1st period - Stopped by Marc-Andre Fleury with a rebound.
4:46 of 1st period - Icing by Eric Brewer.
4:47 of 1st period - Tomas Tatar wins face-off versus Luke Glendening in Rangers zone.
4:53 of 1st period - Shot by Craig Smith.
4:53 of 1st period - Shot Blocked by Victor Hedman.
5:17 of 1st period - Shot by David Jones.
5:17 of 1st period - Shot Misses the Net.
6:14 of 1st period - Icing by Jacob Trouba.
6:15 of 1st period - Tim Schaller wins face-off versus Zemgus Girgensons in Penguins zone.
6:15 of 1st period - Tim Schaller is hit by Zemgus Girgensons.
6:20 of 1st period - Jacob Trouba is hit by Chris Tanev.
6:31 of 1st period - Minor Penalty to David Perron for Hooking.
6:32 of 1st period - Tomas Tatar wins face-off versus Luke Glendening in Penguins zone.
7:06 of 1st period - Luke Glendening is hit by Craig Smith and loses puck.
7:47 of 1st period - Shot by Chris Tanev.
7:47 of 1st period - Stopped by Marc-Andre Fleury with a rebound.
8:49 of 1st period - Shot by John Tavares.
8:49 of 1st period - Stopped by Brian Elliott without a rebound.
8:50 of 1st period - Mark Arcobello wins face-off versus Sean Couturier in Rangers zone.
9:00 of 1st period - Brad Richards is hit by Jacob De La Rose and loses puck.
10:01 of 1st period - Off-side.
10:02 of 1st period - Mikael Backlund wins face-off versus Ryan Getzlaf in neutral zone.
10:22 of 1st period - Shot by Brandon Saad.
10:22 of 1st period - Stopped by Brian Elliott without a rebound.
10:23 of 1st period - Zemgus Girgensons wins face-off versus John Tavares in Rangers zone.
10:25 of 1st period - Icing by Kris Russell.
10:26 of 1st period - Zemgus Girgensons wins face-off versus Ryan Getzlaf in Rangers zone.
10:26 of 1st period - Zemgus Girgensons is hit by David Perron.
11:11 of 1st period - Shot by Ryan Getzlaf.
11:11 of 1st period - Shot Misses the Net.
11:18 of 1st period - Off-side.
11:19 of 1st period - John Tavares wins face-off versus Mikael Backlund in neutral zone.
11:25 of 1st period - Icing by Alex Goligoski.
11:26 of 1st period - Mikael Backlund wins face-off versus John Tavares in Rangers zone.
11:40 of 1st period - Shot by Tyler Ennis.
11:40 of 1st period - Shot Misses the Net.
11:44 of 1st period - Shot by Craig Smith.
11:44 of 1st period - Shot Misses the Net.
11:46 of 1st period - Shot by Craig Smith.
11:46 of 1st period - Shot Hit the Post.
11:47 of 1st period - Minor Penalty to Mark Giordano for Slashing.
11:48 of 1st period - Luke Glendening wins face-off versus Zemgus Girgensons in Penguins zone.
13:05 of 1st period - Shot by Kris Russell.
13:05 of 1st period - Stopped by Marc-Andre Fleury without a rebound.
13:06 of 1st period - Luke Glendening wins face-off versus Zemgus Girgensons in Penguins zone.
13:23 of 1st period - Shot by Jaromir Jagr.
13:23 of 1st period - Deflect By Tyler Ennis.
13:23 of 1st period - Stopped by Marc-Andre Fleury without a rebound.
13:24 of 1st period - Ryan Getzlaf wins face-off versus Tomas Tatar in Penguins zone.
13:48 of 1st period - Shot by Craig Smith.
13:48 of 1st period - Deflect By Cedric Paquette.
13:48 of 1st period - Stopped by Marc-Andre Fleury without a rebound.
13:49 of 1st period - Tim Schaller wins face-off versus Sean Couturier in Penguins zone.
13:49 of 1st period - Tim Schaller is hit by Brad Richards.
13:54 of 1st period - Mark Arcobello is hit by Karl Alzner and loses puck.
15:17 of 1st period - Shot by Brandon Saad.
15:17 of 1st period - Shot Misses the Net.
15:41 of 1st period - Mark Giordano is hit by Eric Brewer and loses puck.
16:41 of 1st period - Minor Penalty to Anton Volchenkov for High sticking.
16:42 of 1st period - Sean Couturier wins face-off versus Ryan Getzlaf in Rangers zone.
16:57 of 1st period - Shot by Jacob Trouba.
16:57 of 1st period - Shot Misses the Net.
16:59 of 1st period - Shot by Brandon Saad.
16:59 of 1st period - Shot Blocked by Karl Alzner.
17:01 of 1st period - Shot by Victor Hedman.
17:01 of 1st period - Stopped by Brian Elliott with a rebound.
17:03 of 1st period - Shot by Victor Hedman.
17:03 of 1st period - Shot Misses the Net.
17:05 of 1st period - Shot by Jacob Trouba.
17:05 of 1st period - Shot Misses the Net.
17:07 of 1st period - Shot by Brandon Saad.
17:07 of 1st period - Stopped by Brian Elliott without a rebound.
17:08 of 1st period - John Tavares wins face-off versus Sean Couturier in Rangers zone.
19:15 of 1st period - Icing by Kevan Miller.
19:16 of 1st period - Cedric Paquette wins face-off versus Mark Arcobello in Penguins zone.
19:33 of 1st period - Shot by Jacob De La Rose.
19:33 of 1st period - Deflect By Mark Arcobello.
19:33 of 1st period - Stopped by Brian Elliott without a rebound.
19:34 of 1st period - Mikael Backlund wins face-off versus John Tavares in Rangers zone.
Goals for this period are 1 for Rangers vs 0 for Penguins.
Shots for this period are 6 for Rangers vs 9 for Penguins.

2nd period


0:01 of 2nd period - Ryan Getzlaf wins face-off versus Zemgus Girgensons in neutral zone.
0:11 of 2nd period - Icing by Benoit Pouliot.
0:12 of 2nd period - John Tavares wins face-off versus Zemgus Girgensons in Rangers zone.
0:17 of 2nd period - Shot by John Tavares.
0:17 of 2nd period - Shot Misses the Net.
0:38 of 2nd period - Shot by Benoit Pouliot.
0:38 of 2nd period - Stopped by Marc-Andre Fleury without a rebound.
0:39 of 2nd period - Ryan Getzlaf wins face-off versus Mikael Backlund in Penguins zone.
1:03 of 2nd period - Shot by Craig Smith.
1:03 of 2nd period - Shot Misses the Net.
2:12 of 2nd period - Shot by Jakub Voracek.
2:12 of 2nd period - Shot Blocked by Kris Russell.
2:54 of 2nd period - Icing by Eric Brewer.
2:55 of 2nd period - Sean Couturier wins face-off versus Mark Arcobello in Rangers zone.
2:55 of 2nd period - Sean Couturier is hit by Tanner Pearson.
3:29 of 2nd period - Shot by Tyler Ennis.
3:29 of 2nd period - Stopped by Marc-Andre Fleury without a rebound.
3:30 of 2nd period - Zemgus Girgensons wins face-off versus Ryan Getzlaf in Penguins zone.
3:38 of 2nd period - Minor Penalty to Zemgus Girgensons for Hooking.
3:39 of 2nd period - Sean Couturier wins face-off versus John Tavares in Rangers zone.
4:24 of 2nd period - Shot by Jakub Voracek.
4:24 of 2nd period - Stopped by Brian Elliott with a rebound.
4:26 of 2nd period - Shot by Ryan Suter.
4:26 of 2nd period - Stopped by Brian Elliott without a rebound.
4:27 of 2nd period - Cedric Paquette wins face-off versus Ryan Getzlaf in Rangers zone.
4:27 of 2nd period - Cedric Paquette is hit by David Perron.
5:06 of 2nd period - Shot by Ryan Getzlaf.
5:06 of 2nd period - Stopped by Brian Elliott without a rebound.
5:07 of 2nd period - John Tavares wins face-off versus Cedric Paquette in Rangers zone.
5:33 of 2nd period - Alex Goligoski is hit by Ondrej Palat and loses puck.
5:45 of 2nd period - Minor Penalty to Jacob De La Rose for Holding.
5:46 of 2nd period - Luke Glendening wins face-off versus Zemgus Girgensons in Penguins zone.
5:51 of 2nd period - Shot by Kris Russell.
5:51 of 2nd period - Shot Misses the Net.
5:53 of 2nd period - Shot by Alex Goligoski.
5:53 of 2nd period - The goal is going for a video replay.
5:53 of 2nd period - The goal is good.
5:53 of 2nd period - Goal by Alex Goligoski - Rangers : 2 - Penguins : 0.
5:54 of 2nd period - Brandon Saad wins face-off versus Zemgus Girgensons in neutral zone.
5:56 of 2nd period - Victor Hedman is hit by Kris Russell and loses puck.
6:07 of 2nd period - Shot by Zemgus Girgensons.
6:07 of 2nd period - Shot Misses the Net.
6:14 of 2nd period - Off-side.
6:15 of 2nd period - John Tavares wins face-off versus Mikael Backlund in neutral zone.
6:25 of 2nd period - Icing by Karl Alzner.
6:26 of 2nd period - Ryan Getzlaf wins face-off versus Mikael Backlund in Rangers zone.
6:26 of 2nd period - Ryan Getzlaf is hit by Alex Goligoski.
6:58 of 2nd period - Shot by Mikael Backlund.
6:58 of 2nd period - Stopped by Marc-Andre Fleury with a rebound.
7:01 of 2nd period - Icing by Mark Giordano.
7:02 of 2nd period - Zemgus Girgensons wins face-off versus Ryan Getzlaf in Penguins zone.
7:02 of 2nd period - Tomas Tatar is hit by Ryan Suter and loses puck.
7:20 of 2nd period - Chris Tanev is hit by Mark Giordano.
7:30 of 2nd period - Shot by Benoit Pouliot.
7:30 of 2nd period - Stopped by Marc-Andre Fleury with a rebound.
7:32 of 2nd period - Shot by Benoit Pouliot.
7:32 of 2nd period - Stopped by Marc-Andre Fleury with a rebound.
7:34 of 2nd period - Shot by Kris Russell.
7:34 of 2nd period - Shot Misses the Net.
7:36 of 2nd period - Shot by Benoit Pouliot.
7:36 of 2nd period - Shot Misses the Net.
7:38 of 2nd period - Shot by Zemgus Girgensons.
7:38 of 2nd period - Shot Misses the Net.
7:56 of 2nd period - Brandon Saad is hit by Zemgus Girgensons.
8:14 of 2nd period - Shot by John Tavares.
8:14 of 2nd period - Shot Misses the Net.
8:16 of 2nd period - Shot by Victor Hedman.
8:16 of 2nd period - Deflect By Jakub Voracek.
8:16 of 2nd period - Stopped by Brian Elliott without a rebound.
8:17 of 2nd period - Mark Arcobello wins face-off versus Mikael Backlund in Rangers zone.
8:17 of 2nd period - Dmitry Kulikov is hit by Alex Goligoski and loses puck.
8:30 of 2nd period - Shot by Luke Glendening.
8:30 of 2nd period - Shot Misses the Net.
8:32 of 2nd period - Shot by Dmitry Kulikov.
8:32 of 2nd period - Shot Misses the Net.
8:34 of 2nd period - Shot by Jacob De La Rose.
8:34 of 2nd period - Stopped by Brian Elliott without a rebound.
8:35 of 2nd period - John Tavares wins face-off versus Sean Couturier in Rangers zone.
8:54 of 2nd period - Shot by Sean Couturier.
8:54 of 2nd period - Shot Misses the Net.
9:07 of 2nd period - Anton Volchenkov is hit by Victor Hedman and loses puck.
9:12 of 2nd period - Shot by Sean Couturier.
9:12 of 2nd period - Stopped by Marc-Andre Fleury without a rebound.
9:13 of 2nd period - Tyler Ennis wins face-off versus Mark Arcobello in Penguins zone.
9:42 of 2nd period - Shot by Luke Glendening.
9:42 of 2nd period - Shot Misses the Net.
9:44 of 2nd period - Shot by Kevan Miller.
9:44 of 2nd period - Goal by Kevan Miller - Rangers : 2 - Penguins : 1.
9:45 of 2nd period - Ryan Getzlaf wins face-off versus Zemgus Girgensons in neutral zone.
9:58 of 2nd period - Shot by Tomas Tatar.
9:58 of 2nd period - Deflect By Zemgus Girgensons.
9:58 of 2nd period - Shot Misses the Net.
10:00 of 2nd period - Shot by Kris Russell.
10:00 of 2nd period - Shot Misses the Net.
10:02 of 2nd period - Shot by Benoit Pouliot.
10:02 of 2nd period - Stopped by Marc-Andre Fleury without a rebound.
10:03 of 2nd period - Brad Richards wins face-off versus John Tavares in Penguins zone.
10:04 of 2nd period - Shot by Sean Couturier.
10:04 of 2nd period - Deflect By Brad Richards.
10:04 of 2nd period - Shot Misses the Net.
10:06 of 2nd period - Shot by Jaromir Jagr.
10:06 of 2nd period - Stopped by Marc-Andre Fleury without a rebound.
10:07 of 2nd period - John Tavares wins face-off versus Tomas Tatar in Penguins zone.
10:12 of 2nd period - Kris Russell is hit by Ondrej Palat and loses puck.
11:11 of 2nd period - Victor Hedman is hit by Mikael Backlund and loses puck.
11:19 of 2nd period - Shot by Ryan Getzlaf.
11:19 of 2nd period - Shot Misses the Net.
11:32 of 2nd period - Icing by Ryan Getzlaf.
11:33 of 2nd period - Ryan Getzlaf wins face-off versus Sean Couturier in Penguins zone.
11:40 of 2nd period - Shot by Brandon Saad.
11:40 of 2nd period - Deflect By David Perron.
11:40 of 2nd period - Stopped by Brian Elliott without a rebound.
11:41 of 2nd period - Sean Couturier wins face-off versus Mark Arcobello in Rangers zone.
11:49 of 2nd period - Shot by Sean Couturier.
11:49 of 2nd period - Stopped by Marc-Andre Fleury without a rebound.
11:50 of 2nd period - John Tavares wins face-off versus Mikael Backlund in Penguins zone.
12:00 of 2nd period - Off-side.
12:01 of 2nd period - Zemgus Girgensons wins face-off versus Brandon Saad in neutral zone.
12:11 of 2nd period - Icing by Victor Hedman.
12:12 of 2nd period - Mikael Backlund wins face-off versus Ryan Getzlaf in Penguins zone.
13:09 of 2nd period - Off-side.
13:10 of 2nd period - Zemgus Girgensons wins face-off versus John Tavares in neutral zone.
13:44 of 2nd period - Shot by Jakub Voracek.
13:44 of 2nd period - Stopped by Brian Elliott without a rebound.
13:45 of 2nd period - Mark Arcobello wins face-off versus Sean Couturier in Rangers zone.
13:55 of 2nd period - Brad Richards is hit by Kevan Miller and loses puck.
15:33 of 2nd period - Icing by Ryan Suter.
15:34 of 2nd period - Ryan Getzlaf wins face-off versus Zemgus Girgensons in Penguins zone.
15:54 of 2nd period - Minor Penalty to Victor Hedman for Roughing.
15:55 of 2nd period - Luke Glendening wins face-off versus Craig Smith in Penguins zone.
17:03 of 2nd period - Shot by Tyler Ennis.
17:03 of 2nd period - Stopped by Marc-Andre Fleury without a rebound.
17:04 of 2nd period - Ryan Getzlaf wins face-off versus Zemgus Girgensons in Penguins zone.
17:30 of 2nd period - Shot by Tyler Ennis.
17:30 of 2nd period - Stopped by Marc-Andre Fleury with a rebound.
17:45 of 2nd period - Icing by Mikael Backlund.
17:46 of 2nd period - Luke Glendening wins face-off versus Craig Smith in Rangers zone.
18:47 of 2nd period - Shot by Jakub Voracek.
18:47 of 2nd period - Shot Misses the Net.
Goals for this period are 1 for Rangers vs 1 for Penguins.
Shots for this period are 12 for Rangers vs 8 for Penguins.

3rd period


0:01 of 3rd period - John Tavares wins face-off versus Zemgus Girgensons in neutral zone.
0:07 of 3rd period - Tomas Tatar is hit by Jacob Trouba and loses puck.
0:17 of 3rd period - Zemgus Girgensons is hit by Jacob Trouba and loses puck.
0:36 of 3rd period - Shot by Benoit Pouliot.
0:36 of 3rd period - Deflect By Zemgus Girgensons.
0:36 of 3rd period - Stopped by Marc-Andre Fleury with a rebound.
0:38 of 3rd period - Shot by Tomas Tatar.
0:38 of 3rd period - Goal by Tomas Tatar - Rangers : 3 - Penguins : 1.
0:39 of 3rd period - Ryan Getzlaf wins face-off versus Mikael Backlund in neutral zone.
1:14 of 3rd period - Shot by Tyler Ennis.
1:14 of 3rd period - Stopped by Marc-Andre Fleury with a rebound.
1:27 of 3rd period - Icing by Karl Alzner.
1:28 of 3rd period - John Tavares wins face-off versus Mikael Backlund in Rangers zone.
1:35 of 3rd period - Shot by Ondrej Palat.
1:35 of 3rd period - Shot Misses the Net.
1:53 of 3rd period - Shot by Ondrej Palat.
1:53 of 3rd period - Shot Misses the Net.
1:55 of 3rd period - Shot by Ondrej Palat.
1:55 of 3rd period - Goal by Ondrej Palat - Rangers : 3 - Penguins : 2.
1:56 of 3rd period - Zemgus Girgensons wins face-off versus Mark Arcobello in neutral zone.
2:20 of 3rd period - Shot by Chris Tanev.
2:20 of 3rd period - Shot Misses the Net.
2:37 of 3rd period - Icing by Kevan Miller.
2:38 of 3rd period - Mark Arcobello wins face-off versus Sean Couturier in Penguins zone.
2:46 of 3rd period - Jaromir Jagr is hit by Dmitry Kulikov and loses puck.
3:01 of 3rd period - Shot by Jaromir Jagr.
3:01 of 3rd period - Shot Misses the Net.
3:17 of 3rd period - Shot by Brad Richards.
3:17 of 3rd period - Stopped by Marc-Andre Fleury with a rebound.
3:19 of 3rd period - Shot by Sean Couturier.
3:19 of 3rd period - Goal by Sean Couturier - Rangers : 4 - Penguins : 2.
3:20 of 3rd period - Mikael Backlund wins face-off versus John Tavares in neutral zone.
3:23 of 3rd period - Jacob Trouba is hit by Craig Smith and loses puck.
3:37 of 3rd period - Shot by Tyler Ennis.
3:37 of 3rd period - Shot Misses the Net.
3:39 of 3rd period - Shot by Kris Russell.
3:39 of 3rd period - Shot Misses the Net.
3:45 of 3rd period - Shot by Craig Smith.
3:45 of 3rd period - Shot Misses the Net.
3:47 of 3rd period - Shot by Craig Smith.
3:47 of 3rd period - Shot Blocked by Jakub Voracek.
4:01 of 3rd period - Shot by Mikael Backlund.
4:01 of 3rd period - Stopped by Marc-Andre Fleury without a rebound.
4:02 of 3rd period - Zemgus Girgensons wins face-off versus Ryan Getzlaf in Penguins zone.
4:14 of 3rd period - Shot by Benoit Pouliot.
4:14 of 3rd period - Shot Misses the Net.
4:16 of 3rd period - Shot by Zemgus Girgensons.
4:16 of 3rd period - Shot Misses the Net.
4:18 of 3rd period - Shot by Benoit Pouliot.
4:18 of 3rd period - Shot Misses the Net.
4:41 of 3rd period - Brandon Saad is hit by Zemgus Girgensons and loses puck.
5:08 of 3rd period - Brad Richards is hit by Mark Giordano and loses puck.
5:20 of 3rd period - Mark Giordano is hit by Chris Tanev and loses puck.
5:50 of 3rd period - Jaromir Jagr is hit by Jacob Trouba and loses puck.
6:25 of 3rd period - Shot by Luke Glendening.
6:25 of 3rd period - Stopped by Brian Elliott without a rebound.
6:26 of 3rd period - Mark Arcobello wins face-off versus Zemgus Girgensons in Rangers zone.
6:33 of 3rd period - Kevan Miller is hit by Benoit Pouliot.
7:05 of 3rd period - Off-side.
7:06 of 3rd period - Mikael Backlund wins face-off versus John Tavares in neutral zone.
7:09 of 3rd period - Shot by Craig Smith.
7:09 of 3rd period - Shot Misses the Net.
7:11 of 3rd period - Shot by Alex Goligoski.
7:11 of 3rd period - Stopped by Marc-Andre Fleury without a rebound.
7:12 of 3rd period - John Tavares wins face-off versus Mikael Backlund in Penguins zone.
7:18 of 3rd period - Mark Giordano is hit by Craig Smith and loses puck.
7:34 of 3rd period - Icing by Craig Smith.
7:35 of 3rd period - Ryan Getzlaf wins face-off versus Mikael Backlund in Rangers zone.
7:35 of 3rd period - Ryan Getzlaf beats up Mikael Backlund.
7:35 of 3rd period - Penalty to Ryan Getzlaf for Fighting.
7:35 of 3rd period - Penalty to Mikael Backlund for Fighting.
7:35 of 3rd period - Minor Penalty to David Perron for Roughing.
7:35 of 3rd period - Minor Penalty to Brandon Saad for Roughing.
7:35 of 3rd period - Minor Penalty to Alex Goligoski for Slashing.
7:35 of 3rd period - Minor Penalty to Karl Alzner for Roughing.
7:35 of 3rd period - Minor Penalty to Victor Hedman for Interference.
7:36 of 3rd period - Luke Glendening wins face-off versus Tomas Tatar in Penguins zone.
7:36 of 3rd period - Luke Glendening is hit by Zemgus Girgensons.
8:15 of 3rd period - Shot by Zemgus Girgensons.
8:15 of 3rd period - Stopped by Marc-Andre Fleury with a rebound.
8:17 of 3rd period - Shot by Kris Russell.
8:17 of 3rd period - Stopped by Marc-Andre Fleury without a rebound.
8:18 of 3rd period - Zemgus Girgensons wins face-off versus Luke Glendening in Penguins zone.
8:19 of 3rd period - Shot by Eric Brewer.
8:19 of 3rd period - Stopped by Marc-Andre Fleury without a rebound.
8:20 of 3rd period - Luke Glendening wins face-off versus Zemgus Girgensons in Penguins zone.
9:18 of 3rd period - Jacob Trouba is hit by Cedric Paquette and loses puck.
10:16 of 3rd period - Shot by Ondrej Palat.
10:16 of 3rd period - Deflect By Jakub Voracek.
10:16 of 3rd period - Stopped by Brian Elliott without a rebound.
10:17 of 3rd period - Cedric Paquette wins face-off versus Luke Glendening in Rangers zone.
10:17 of 3rd period - Cedric Paquette is hit by Luke Glendening.
10:48 of 3rd period - Shot by Matt Calvert.
10:48 of 3rd period - Goal by Matt Calvert - Rangers : 5 - Penguins : 2.
10:49 of 3rd period - Mark Arcobello wins face-off versus Zemgus Girgensons in neutral zone.
10:54 of 3rd period - Shot by Kevan Miller.
10:54 of 3rd period - Stopped by Brian Elliott without a rebound.
10:55 of 3rd period - Zemgus Girgensons wins face-off versus John Tavares in Rangers zone.
11:21 of 3rd period - Shot by John Tavares.
11:21 of 3rd period - Shot Misses the Net.
11:23 of 3rd period - Shot by Ondrej Palat.
11:23 of 3rd period - Stopped by Brian Elliott without a rebound.
11:24 of 3rd period - John Tavares wins face-off versus Cedric Paquette in Rangers zone.
11:24 of 3rd period - John Tavares is hit by Eric Brewer.
11:34 of 3rd period - Shot by Brandon Saad.
11:34 of 3rd period - Stopped by Brian Elliott without a rebound.
11:35 of 3rd period - Mark Arcobello wins face-off versus Sean Couturier in Rangers zone.
12:00 of 3rd period - Icing by Sean Couturier.
12:01 of 3rd period - John Tavares wins face-off versus Sean Couturier in Rangers zone.
13:18 of 3rd period - Shot by Luke Glendening.
13:18 of 3rd period - Stopped by Brian Elliott with a rebound.
13:20 of 3rd period - Shot by Mark Giordano.
13:20 of 3rd period - Stopped by Brian Elliott without a rebound.
13:21 of 3rd period - Zemgus Girgensons wins face-off versus Ondrej Palat in Rangers zone.
13:41 of 3rd period - Shot by Zemgus Girgensons.
13:41 of 3rd period - Stopped by Marc-Andre Fleury without a rebound.
13:42 of 3rd period - Mikael Backlund wins face-off versus Mark Arcobello in Penguins zone.
13:55 of 3rd period - Mikael Backlund is hit by Mark Arcobello and loses puck.
14:17 of 3rd period - Shot by Mark Arcobello.
14:17 of 3rd period - Deflect By Tanner Pearson.
14:17 of 3rd period - Stopped by Brian Elliott without a rebound.
14:18 of 3rd period - Zemgus Girgensons wins face-off versus David Perron in Rangers zone.
14:18 of 3rd period - Zemgus Girgensons is hit by David Perron.
15:23 of 3rd period - John Tavares is hit by Anton Volchenkov and loses puck.
16:15 of 3rd period - Eric Brewer is hit by Jacob De La Rose and loses puck.
16:52 of 3rd period - Anton Volchenkov is hit by Luke Glendening and loses puck.
17:14 of 3rd period - Shot by Brandon Saad.
17:14 of 3rd period - Stopped by Brian Elliott with a rebound.
17:30 of 3rd period - Off-side.
17:31 of 3rd period - John Tavares wins face-off versus Zemgus Girgensons in neutral zone.
17:31 of 3rd period - John Tavares is hit by Benoit Pouliot.
18:49 of 3rd period - Minor Penalty to David Perron for Tripping.
18:50 of 3rd period - Luke Glendening wins face-off versus Zemgus Girgensons in Penguins zone.
19:33 of 3rd period - Victor Hedman is hit by Tomas Tatar and loses puck.
19:40 of 3rd period - Shot by Mikael Backlund.
19:40 of 3rd period - Shot Misses the Net.
19:42 of 3rd period - Shot by Mikael Backlund.
19:42 of 3rd period - Stopped by Marc-Andre Fleury with a rebound.
Goals for this period are 3 for Rangers vs 1 for Penguins.
Shots for this period are 13 for Rangers vs 10 for Penguins.